 Dungeon Crawl Stone Soup version 0.28-a0-653-g7e9dba17c3 (webtiles) character file.

Game seed: 16642325817559062025

658 blank1 the Chopper (level 7, -10/63 HPs)
             Began as a Hill Orc Fighter on Oct 11, 2021.
             Mangled by Menkaure (12 damage)
             ... on level 5 of the Dungeon.
             The game lasted 00:07:35 (4599 turns).

blank1 the Chopper (Hill Orc Fighter)               Turns: 4599, Time: 00:07:35

Health: -10/63     AC: 11    Str: 21    XL:     7   Next: 55%
Magic:  7/7        EV: 10    Int:  8    God:
Gold:   216        SH:  9    Dex: 10    Spells: 6/6 levels left

rFire   . . .      SeeInvis .   a - +0 war axe
rCold   . . .      Faith    .   c - +0 buckler
rNeg    . . .      Spirit   .   b - +0 scale mail
rPois   .          Reflect  +   (no helmet)
rElec   .          Harm     .   (no cloak)
rCorr   +          Rampage  .   (no gloves)
Will    .....                   (no boots)
Stlth   ..........              h - amulet of reflection
HPRegen 0.20/turn               f - ring of resist corrosion
MPRegen 0.10/turn               n - +4 ring of protection

@: studying Unarmed Combat
A: no striking features
a: no special abilities


You were on level 5 of the Dungeon.
You visited 1 branch of the dungeon, and saw 5 of its levels.

You collected 216 gold pieces.

Inventory:

Hand Weapons
 a - a +0 war axe (weapon)
Armour
 b - a +0 scale mail (worn)
 c - a +0 buckler (worn)
Jewellery
 f - a ring of resist corrosion (left hand)
 h - an amulet of reflection (around neck)
 n - a +4 ring of protection (right hand)
Wands
 l - a wand of acid (11)
Scrolls
 k - a scroll of teleportation
 m - a scroll of enchant weapon {unknown}
 o - a scroll of fog {unknown}
 p - a scroll of identify
 q - 2 scrolls of fear {unknown}
Potions
 d - 2 potions of might
 e - a potion of curing {unknown}
 g - 2 potions of resistance
 i - 3 potions of haste
 j - 2 potions of flight {unknown}


   Skills:
 - Level 6.0 Fighting
 - Level 7.0 Axes
 + Level 5.0 Armour
 - Level 2.0 Dodging
 - Level 4.0 Shields


You had 6 spell levels left.
You didn't know any spells.
Your spell library was empty.

Dungeon Overview and Level Annotations

Branches:
Dungeon (5/15)
 Temple: D:4-7

Altars:
Cheibriados
Zin

Shops:
D:4 [([=

Annotations:
D:5 Menkaure


Message History

Menkaure mumbles some strange words.
Menkaure seems to speed up.
You hit Menkaure.
Menkaure is lightly damaged.
Menkaure completely misses you.
You hit Menkaure but do no damage.
Menkaure is lightly damaged.
Menkaure gestures at you while chanting.
Pain shoots through your body!
Menkaure calls on the powers of darkness!
Your body is wracked with pain!
You are too injured to fight recklessly!
You are too injured to fight recklessly!
You are too injured to fight recklessly!
You barely miss Menkaure.
Menkaure is lightly damaged.
Menkaure closely misses you.
You hit Menkaure.
Menkaure is lightly damaged.
Menkaure hits you! Menkaure hits you but does no damage.
You barely miss Menkaure.
Menkaure is lightly damaged.
Menkaure calls on the powers of darkness!
Your body is wracked with pain!
* * * LOW HITPOINT WARNING * * *
Your scale mail prevents you from hitting Menkaure.
Menkaure is lightly damaged.
You block Menkaure's attack.
You hit Menkaure.
Menkaure is moderately damaged.
Menkaure hits you!
* * * LOW HITPOINT WARNING * * *
Menkaure closely misses you.
You slash Menkaure!
Menkaure is severely damaged.
You block Menkaure's attack.
You hit Menkaure but do no damage.
Menkaure is severely damaged.
You block Menkaure's attack. Menkaure hits you!
You die...

####. .#. .
#...... ..
..#####.##.. ..#
......#.##.. ..#
# ............
.....
........##.##.#.#
........##......#
.......)<..@M.#
.##...####<####
......#....#
.#### #.#### #


You could see Menkaure (fast).

Vanquished Creatures
  An ogre (D:4)
  A kobold brigand (D:4)
  A scorpion (D:4)
  A water moccasin skeleton (D:5)
  A wight (D:4)
  2 hounds
  2 iguanas (D:4)
  3 orc wizards
  3 gnolls
  4 adders
  An ufetubus (D:4)
  An adder skeleton (D:4)
  2 worms
  4 dart slugs
  10 orcs
  4 bats
  8 endoplasms
  2 giant cockroaches
  5 hobgoblins
  3 jackals (D:4)
  5 quokkas
  9 ball pythons
  2 frilled lizards
  5 goblins
  8 kobolds
  A rat (D:3)
89 creatures vanquished.

Notes
Turn   | Place    | Note
-------+----------+-------------------------------------------
     0 | D:1      | blank1 the Hill Orc Fighter began the quest for the Orb.
     0 | D:1      | Reached XP level 1. HP: 19/19 MP: 1/1
    84 | D:1      | Found a faded altar of an unknown god.
   189 | D:1      | Reached XP level 2. HP: 26/27 MP: 2/2
   367 | D:1      | Reached skill level 3 in Axes
   738 | D:2      | Reached XP level 3. HP: 31/33 MP: 3/3
  1214 | D:2      | Reached skill level 1 in Dodging
  1531 | D:3      | Found a snail-covered altar of Cheibriados.
  1728 | D:3      | Reached XP level 4. HP: 23/40 MP: 4/4
  2053 | D:3      | Reached skill level 4 in Axes
  2619 | D:4      | Noticed a kobold brigand
  2627 | D:4      | Reached XP level 5. HP: 42/46 MP: 5/5
  2651 | D:5      | Entered Level 5 of the Dungeon
  2657 | D:5      | Reached skill level 5 in Axes
  2957 | D:5      | Reached XP level 6. HP: 39/53 MP: 6/6
  2964 | D:5      | Noticed Menkaure
  2970 | D:4      | Reached skill level 5 in Fighting
  2970 | D:4      | Reached skill level 6 in Axes
  3545 | D:4      | Reached XP level 7. HP: 54/62 MP: 7/7
  3694 | D:4      | Reached skill level 7 in Axes
  3912 | D:4      | Found a glowing silver altar of Zin.
  4309 | D:4      | Found Juyt's Jewellery Shop.
  4311 | D:4      | Found Ysiucw's Weapon Boutique.
  4311 | D:4      | Found Niunesok's Armour Emporium.
  4349 | D:4      | Found Guim's Antique Armour Shoppe.
  4549 | D:4      | Reached skill level 5 in Armour
  4597 | D:5      | HP: 2/63 [Menkaure (9)]
  4599 | D:5      | Mangled by Menkaure

Illustrated notes

Levels and vault maps discovered:
D:1:      beargit_arrival_diablo_church, layout_rooms,
          ebering_ecumenical_altar_abandoned, minivault_14, wad_floor_pattern_2,
          minmay_misc_feat_five, minmay_misc_feat_four_crosses,
          minmay_misc_feat_chi, chequers_serial_rivers_small_b
D:2:      layout_loops_ring, minmay_liquid_box
D:3:      layout_basic, mainiacjoe_overflow_boulevard
D:4:      layout_loops_ring, zin_statuary, nicolae_wooded_promenade,
          minmay_manual_moon
D:5:      layout_loops_cross, nemelex_xobeh_ov_fountains_minmay,
          okawaru_gym_becter, temple_doors_e, uniq_menkaure,
          uniq_prince_ribbit1, uniq_sigmund

Skill      XL: |  1  2  3  4  5  6  7 |
---------------+----------------------+-----
Axes           | 3 4 5 6 7 |  7.0
Fighting       | 4 5 6 |  6.0
Dodging        | 1 2 |  2.0
Armour         | 4 5 |  5.0
Shields        | 4 |  4.0

Action                   |  1- 3 |  4- 6 |  7- 9 || total
-------------------------+-------+-------+-------++-------
Melee: War axe           |   109 |   103 |   109 ||   321
  Use: Scroll            |     3 |     1 |       ||     4
Armor: Scale mail        |    57 |    70 |    38 ||   165
Dodge: Dodged            |    41 |    76 |    42 ||   159
Block: Buckler           |    20 |    27 |    31 ||    78
       Reflection        |       |       |     2 ||     2

Table legend: (Time is in decaauts)
 A = Elapsed time spent in this place.
 B = Non-inter-level travel time spent in this place.
 C = Inter-level travel time spent in this place.
 D = Time resting spent in this place.
 E = Time spent auto-exploring this place.
 F = Levels seen in this place.
 G = Mean time per level.
                   A        B        C        D        E       F      G
               +--------+--------+--------+--------+--------+-----+--------+
         Total |   4682 |   4582 |    100 |   1036 |   2786 |   5 |  936.4 |
       Dungeon |   4682 |   4582 |    100 |   1036 |   2786 |   5 |  936.4 |
               +--------+--------+--------+--------+--------+-----+--------+

Top non-repeatable levels by time:
     D:4: 1431 daAuts
     D:3: 1351 daAuts
     D:2: 871 daAuts
     D:1: 694 daAuts
     D:5: 332 daAuts
